 Dungeon Crawl Stone Soup version 0.28-a0-390-gb254ac4902 (webtiles) character file.

Game seed: 7539401029288363428

106 pmoppi the Slasher (level 4, 0/28 HPs)
             Began as a Tengu Monk on Sept 3, 2021.
             Slain by Purgy (4 damage)
             ... on level 3 of the Dungeon.
             The game lasted 00:03:17 (2423 turns).

pmoppi the Slasher (Tengu Monk)                     Turns: 2423, Time: 00:03:18

Health: 0/28       AC:  5    Str: 11    XL:     4   Next: 84%
Magic:  6/6        EV: 12    Int: 11    God:
Gold:   43         SH:  0    Dex: 17    Spells: 3/4 levels left

rFire   . . .      SeeInvis .   a - +0 falchion
rCold   . . .      Faith    .   (no shield)
rNeg    . . .      Spirit   .   c - +0 ring mail
rPois   .          Reflect  .   (helmet restricted)
rElec   .          Harm     .   (no cloak)
rCorr   .          Rampage  .   (no gloves)
Will    .....                   (boots unavailable)
Stlth   +.........              (no amulet)
HPRegen 0.09/turn               (no ring)
MPRegen 0.10/turn               (no ring)

@: no status effects
A: beak, talons 3
a: no special abilities


You were on level 3 of the Dungeon.
You visited 1 branch of the dungeon, and saw 3 of its levels.

You collected 43 gold pieces.

Inventory:

Hand Weapons
 a - a +0 falchion (weapon)
Armour
 b - a +0 robe
 c - a +0 ring mail (worn)
 d - a +0 tower shield
Scrolls
 h - a scroll of amnesia {unknown}
 j - a scroll of immolation {unknown}
 k - a scroll of noise {unknown}
 l - a scroll of vulnerability {unknown}
Potions
 e - a potion of heal wounds {unknown}
 f - a potion of flight {unknown}
 g - a potion of magic {unknown}
 i - a potion of brilliance {unknown}


   Skills:
 + Level 3.6 Fighting
 * Level 4.4 Long Blades
 + Level 3.8 Dodging
 - Level 2.0 Stealth
 + Level 0.8 Spellcasting
 + Level 1.2 Conjurations
 + Level 1.3 Air Magic


You had 3 spell levels left.
You knew the following spells:

 Your Spells              Type           Power      Damage    Failure   Level
a - Shock                 Conj/Air       12%        1d3       43%         1

Your spell library contained the following spells:

 Spells                   Type           Power      Damage    Failure   Level
 Corona                   Hex            0%         N/A       63%         1
 Ensorcelled Hibernation  Hex/Ice        0%         N/A       77%         2
 Dazzling Flash           Conj/Hex       2%         N/A       88%         3
 Tukima's Dance           Hex            0%         N/A       94%         3
 Iskenderun's Mystic Bla  Conj/Tloc      1%         2d3       99%         4
 Starburst                Conj/Fire      0%         6d3       100%        6
 Borgnjor's Revivificati  Necr           0%         N/A       100%        8
 Necromutation            Tmut/Necr      0%         N/A       100%        8
 Death's Door             Necr           0%         N/A       100%        9


Dungeon Overview and Level Annotations

Branches:
Dungeon (3/15)

Altars:

Annotations:
D:3 Purgy


Innate Abilities, Weirdness & Mutations

You have a beak for a mouth.
You have claws for feet.


Message History

Search for what [? for help]? long You climb downwards.
There is a stone staircase leading up here.
Purgy the Meek comes into view.
Purgy is nearby!
Purgy is nearby!
Purgy is nearby!
You closely miss Purgy. You claw Purgy!
Purgy is moderately wounded.
Purgy looks around nervously.
Purgy bites you but does no damage. Purgy barely misses you. Purgy misses you.
You closely miss Purgy. You claw Purgy.
Purgy is moderately wounded.
Purgy barely misses you. Purgy claws you but does no damage.
Purgy barely misses you.
You hit Purgy but do no damage. Your kick misses Purgy.
Purgy is moderately wounded.
Purgy completely misses you. Purgy closely misses you.
Purgy claws you but does no damage.
You closely miss Purgy. Your kick misses Purgy.
Purgy is moderately wounded.
Purgy bites you. Purgy claws you. x2
You closely miss Purgy.
Purgy is moderately wounded.
Purgy bites you. Purgy barely misses you. Purgy claws you but does no damage.
You barely miss Purgy.
Purgy is moderately wounded.
Purgy bites you. Purgy claws you but does no damage. Purgy closely misses you.
You hit Purgy but do no damage.
Purgy is moderately wounded.
Purgy closely misses you. Purgy barely misses you. Purgy claws you.
You barely miss Purgy. You claw Purgy!
Purgy is moderately wounded.
Purgy bites you.
* * * LOW HITPOINT WARNING * * *
Purgy claws you but does no damage. x2
You barely miss Purgy. You claw Purgy.
Purgy is heavily wounded.
Purgy bites you.
You die...

#### #
#..
#.##.###
#......#
#.##.#@#
#...<#T#
#..#.#.#
#..#.#.#
#. #.#.#
#. #.#.#
# #.#.#
#.#.#
#.#


You could see Purgy.

Vanquished Creatures
  2 adders (D:2)
  4 gnolls
  A dart slug (D:2)
  6 bats
  6 endoplasms
  A giant cockroach (D:1)
  6 hobgoblins
  3 jackals (D:1)
  4 kobolds (D:1)
  4 quokkas
  A ball python (D:1)
  2 frilled lizards (D:2)
  2 goblins
  4 rats
46 creatures vanquished.

Notes
Turn   | Place    | Note
-------+----------+-------------------------------------------
     0 | D:1      | pmoppi the Tengu Monk began the quest for the Orb.
     0 | D:1      | Reached XP level 1. HP: 14/14 MP: 2/2
   135 | D:1      | Reached XP level 2. HP: 18/19 MP: 3/3
   561 | D:1      | Reached skill level 4 in Long Blades
   561 | D:1      | Reached XP level 3. HP: 19/23 MP: 4/4
   613 | D:1      | Found a faded altar of an unknown god.
   621 | D:1      | Got Plato's Compendium of Attacks
   663 | D:1      | Learned a level 1 spell: Shock
  1457 | D:2      | Reached XP level 4. HP: 22/28 MP: 5/5
  1539 | D:2      | Reached skill level 1 in Conjurations
  1539 | D:2      | Reached skill level 1 in Air Magic
  2413 | D:3      | Noticed Purgy
  2423 | D:3      | Slain by Purgy

Illustrated notes

Levels and vault maps discovered:
D:1:      mrwooster_arrival_statue, layout_loops_ring,
          shapermc_ecumenical_altar_rom_forum
D:2:      layout_loops_ring
D:3:      layout_basic, chequers_mini_garden, minivault_14, uniq_purgy

Skill      XL: |  1  2  3  4 |
---------------+-------------+-----
Long Blades    | 4 |  4.4
Conjurations   | 1 |  1.2
Air Magic      | 1 |  1.3
Fighting       | |  3.6
Dodging        | |  3.8
Stealth        | |  2.0
Spellcasting   | |  0.8

Action                   |  1- 3 |  4- 6 || total
-------------------------+-------+-------++-------
Melee: Falchion          |    77 |    50 ||   127
       Kick              |    13 |    18 ||    31
       Peck              |     9 |     8 ||    17
 Stab: Sleeping          |     2 |     3 ||     5
Armor: Ring mail         |    29 |    15 ||    44
       Robe              |     2 |       ||     2
Dodge: Dodged            |    47 |    25 ||    72

Table legend: (Time is in decaauts)
 A = Elapsed time spent in this place.
 B = Non-inter-level travel time spent in this place.
 C = Inter-level travel time spent in this place.
 D = Time resting spent in this place.
 E = Time spent auto-exploring this place.
 F = Levels seen in this place.
 G = Mean time per level.
                   A        B        C        D        E       F      G
               +--------+--------+--------+--------+--------+-----+--------+
         Total |   2434 |   2375 |     59 |    586 |   1453 |   3 |  811.3 |
       Dungeon |   2434 |   2375 |     59 |    586 |   1453 |   3 |  811.3 |
               +--------+--------+--------+--------+--------+-----+--------+

Top non-repeatable levels by time:
     D:2: 1231 daAuts
     D:1: 1190 daAuts
     D:3: 13 daAuts
